 Dungeon Crawl Stone Soup version 0.29.0-13-gc9e81de378 (webtiles) character file.

Game seed: 7811429595304993815

24 Frenzy the Chopper (level 3, -2/33 HPs)
             Began as a Hill Orc Chaos Knight on Sept 7, 2022.
             Was a Plaything of Xom.
             Slain by a goblin
             ... wielding a +1 dagger of electrocution
              (11 damage)
             ... on level 1 of the Dungeon.
             The game lasted 00:05:30 (534 turns).

Frenzy the Chopper (Hill Orc Chaos Knight)           Turns: 534, Time: 00:05:31

Health: -2/33      AC:  5    Str: 16    XL:     3   Next: 2%
Magic:  3/3        EV: 11    Int: 12    God:    Xom [..*...]
Gold:   25         SH:  0    Dex: 10    Spells: 2/2 levels left

rFire   . . .      SeeInvis .   a - +0 hand axe (chaos)
rCold   . . .      Faith    .   (no shield)
rNeg    . . .      Spirit   .   b - +2 leather armour
rPois   .          Reflect  .   (no helmet)
rElec   .          Harm     .   (no cloak)
rCorr   .          Rampage  .   (no gloves)
Will    .....                   (no boots)
Stlth   +.........              (no amulet)
HPRegen 0.11/turn               (no ring)
MPRegen 0.08/turn               (no ring)

@: no status effects
A: no striking features
a: Renounce Religion


You were on level 1 of the Dungeon.
You worshipped Xom.
You were a toy of Xom.
You visited 1 branch of the dungeon, and saw 1 of its levels.

You collected 25 gold pieces.

Inventory:

Hand Weapons
 a - a +0 hand axe of chaos (weapon)
Armour
 b - a +2 leather armour (worn)
 d - a +0 leather armour of fire resistance
Scrolls
 e - a scroll of immolation {unknown}
 f - a scroll of identify {unknown}
 g - a scroll of enchant armour {unknown}
 h - a scroll of magic mapping {unknown}
 j - a scroll of blinking {unknown}
 l - a scroll of poison {unknown}
Potions
 i - 3 potions of brilliance {unknown}
 k - a potion of haste {unknown}
 m - a potion of invisibility {unknown}
Miscellaneous
 c - a piece from Xom's chessboard (15/15) (quivered)


   Skills:
 + Level 4.0 Fighting
 + Level 4.6 Axes
 + Level 2.5 Armour
 * Level 1.1 Dodging
 + Level 0.1 Stealth


You had 2 spell levels left.
You didn't know any spells.
Your spell library was empty.

Dungeon Overview and Level Annotations

Branches:
Dungeon (1/15)

Altars:


Message History

The ball python bites you. The ball python grabs you.
The ball python constricts you.
You hit the ball python.
You kill the ball python!
You slash the frilled lizard! You burn the frilled lizard.
You kill the frilled lizard!
k - a murky inky potion
l - a scroll labelled BULOTEXOZOT A frilled lizard comes into view.
The frilled lizard hisses angrily.
A frilled lizard is nearby!
The frilled lizard bites you but does no damage.
You hit the frilled lizard.
You kill the frilled lizard!
Found a white potion and a pink potion.
An endoplasm comes into view.
The endoplasm quivers.
The endoplasm freezes you.
You are frozen.
You hit the endoplasm but do no damage. The endoplasm closely misses you.
You hit the endoplasm. You burn the endoplasm.
You kill the endoplasm!
You have reached level 3!
Your experience leads to an increase in your attributes!
Increase (S)trength, (I)ntelligence, or (D)exterity?
You feel stronger. x2
m - a white potion
i - 3 pink potions (gained 1)
You see here a +0 dagger.
A goblin comes into view.
It is wielding a +1 dagger of electrocution.
The goblin moves out of view.
The goblin hits you but does no damage.
The goblin hits you with a +1 dagger of electrocution.
You are electrocuted!!
Ouch! That really hurt!
You barely miss the goblin.
The goblin hits you with a +1 dagger of electrocution.
* * * LOW HITPOINT WARNING * * *
You are electrocuted!
You die...

##.#### #.........#####.## #.#..
#.#.#.#.#.##...... #.#.#
.##.........#.....## #.#.#
............#.....#. #...#
#####....#..........## ##..#
......#.###.####...###
#####..####.####.#.# #.####..##
#........#...# #.#.###........###
#.###..#.#>..###@.......###..##..
#.# #..#.......#.g#####.###..##.8
#.# #....................^...##..
#)####.#.......##.#####.###.###.8
)............####.# #.# #.# #..
#.######.#...# #.# #.# #.# #.#
#.# #.##### #.# #.# #.# #.+ #.#
#.# ### #.# #.###.###.#
#.######.#...### .# #.##...##.'


You could see a goblin.

Vanquished Creatures
  A dart slug (D:1)
  An endoplasm (D:1)
  3 giant cockroaches (D:1)
  2 hobgoblins (D:1)
  2 ball pythons (D:1)
  A bat (D:1)
  4 frilled lizards (D:1)
  3 goblins (D:1)
  4 kobolds (D:1)
  A rat (D:1)
22 creatures vanquished.

Notes
Turn   | Place    | Note
-------+----------+-------------------------------------------
     0 | D:1      | Frenzy the Hill Orc Chaos Knight began the quest for the
                  | Orb.
     0 | D:1      | Reached XP level 1. HP: 19/19 MP: 1/1
    48 | D:1      | XOM: silly message
    57 | D:1      | XOM: silly message
   133 | D:1      | Reached XP level 2. HP: 27/27 MP: 2/2
   134 | D:1      | XOM: potion effect (invisibility)
   142 | D:1      | Reached skill level 1 in Dodging
   453 | D:1      | Reached XP level 3. HP: 31/33 MP: 3/3
   534 | D:1      | Slain by a goblin

Illustrated notes

Levels and vault maps discovered:
D:1:      ncdulo_halloftheorcs, layout_loops_ring

Skill      XL: |  1  2 |
---------------+-------+-----
Dodging        | 1 |  1.1
Fighting       | 4 |  4.0
Axes           | |  4.6
Armour         | |  2.5
Stealth        | |  0.1

Action                   || total
-------------------------++-------
Melee: Hand axe          ||    62
       Punch             ||     1
 Stab: Invisible         ||     4
       Sleeping          ||     1
Armor: Leather armour    ||    18
Dodge: Dodged            ||    38
